 Dungeon Crawl Stone Soup version 0.31-a0-331-geda263fcf1 (webtiles) character file.

Game seed: 16999690967108176300

55 javelincjr the Trooper (level 3, 0/43 HPs)
             Began as a Demonspawn Fighter on July 19, 2023.
             Succumbed to a scorpion's poison
             ... on level 2 of the Dungeon.
             The game lasted 00:02:50 (1082 turns).

javelincjr the Trooper (Demonspawn Fighter)         Turns: 1082, Time: 00:02:51

Health: 0/43       AC: 21    Str: 18    XL:     3   Next: 67%
Magic:  3/3        EV:  2    Int:  9    God:
Gold:   26         SH:  9    Dex: 18    Spells: 2/2 levels left

rFire   . . .        a - +0 trident
rCold   . . .        c - +0 buckler
rNeg    . . .        b - melded +0 scale mail
rPois   +            (helmet currently unavailable)
rElec   .            (cloak currently unavailable)
rCorr   .            (gloves currently unavailable)
SInv    .            (boots currently unavailable)
Will    .....        (no amulet)
Stlth   ++           j - +6 ring of dexterity
HPRegen 0.27/turn    (no ring)
MPRegen 0.08/turn

%: no passive effects
@: lethally poisoned (0 -> -3), tree-form
A: stationary, stasis, torment immunity, boosted hp, (horns 1), condensation
shield
a: no special abilities


You were on level 2 of the Dungeon.
You were a tree.
You visited 1 branch of the dungeon, and saw 2 of its levels.

You collected 26 gold pieces.

Inventory:

Hand Weapons
 a - a +0 trident (weapon)
Armour
 b - a +0 scale mail (melded)
 c - a +0 buckler (worn)
Jewellery
 j - a +6 ring of dexterity (left branch)
Scrolls
 e - a scroll of identify {unknown}
 f - a scroll of blinking {unknown}
 g - a scroll of teleportation {unknown}
 h - 2 scrolls of vulnerability {unknown}
 k - a scroll of torment {unknown}
Potions
 d - 4 potions of might


   Skills:
 + Level 3.4 Fighting
 + Level 2.3 Polearms
 + Level 3.2 Armour
 + Level 3.1 Shields


You had 2 spell levels left.
You didn't know any spells.
Your spell library was empty.

Dungeon Overview and Level Annotations

Branches:
Dungeon (2/15)

Altars:

Shops:
D:1 :(


Innate Abilities, Weirdness & Mutations

You are a tree.
Your roots penetrate the ground, keeping you stationary.
You cannot be teleported.
You are immune to unholy pain and torment.
Your maximum health is greatly increased.
Your equipment is partially melded.
((You have a pair of small horns on your head.))
A meltable shield of frost defends you. (SH +4)


Message History

You headbutt the scorpion, but do no damage.
The scorpion is moderately wounded.
You block the scorpion's attack. The scorpion barely misses you.
You barely miss the scorpion.
You headbutt the scorpion, but do no damage.
The scorpion is moderately wounded.
You block the scorpion's attack.
You hit the scorpion.
The scorpion is heavily wounded.
You block the scorpion's attack. The scorpion stings you.
You hit the scorpion.
The scorpion is severely wounded.
You block the scorpion's attack.
You closely miss the scorpion.
The scorpion is severely wounded.
The scorpion stings you.
You are poisoned.
The scorpion poisons you! The scorpion barely misses you.
You are too injured to fight recklessly!
You are too injured to fight recklessly!
You are too injured to fight recklessly!
You are too injured to fight recklessly!
You hit the scorpion but do no damage. You headbutt the scorpion.
The scorpion is almost dead.
You feel very sick. You block the scorpion's attack.
You barely miss the scorpion.
The scorpion is almost dead.
* * * LOW HITPOINT WARNING * * *
You feel sick.
The scorpion stings you but does no damage.
The scorpion stings you.
* * * LOW HITPOINT WARNING * * *
It was a potion of lignification.
You turn into a tree.
Your +0 scale mail melds into your body.
Your roots penetrate the ground.
You feel sick. The scorpion stings you.
* * * LOW HITPOINT WARNING * * *
You hit the scorpion but do no damage.
The scorpion is almost dead.
You die...

#..........#
.....#.....
#!......... #.
.......... ..
#........### ..
......###.# ..
#s..###...## ..
#♣###......# .#
#.#........##
..
#...........#
..
##..........#
.. #.....#.....
.. ##..†.......
.. #..........
## ##........#
#.
#......#######.


You could see a scorpion.

Vanquished Creatures
  2 worms (D:2)
  A dart slug (D:1)
  6 ball pythons
  2 bats
  3 endoplasms (D:1)
  A goblin (D:2)
  6 hobgoblins (D:1)
  5 jackals (D:1)
  4 kobolds
  3 quokkas
  6 frilled lizards
  3 rats
42 creatures vanquished.

Notes
Turn   | Place    | Note
-------+----------+-------------------------------------------
     0 | D:1      | javelincjr the Demonspawn Fighter began the quest for the
                  | Orb.
     0 | D:1      | Reached XP level 1. HP: 18/18 MP: 1/1
     1 | D:1      | Noticed a shadow dragon
     2 | D:1      | Noticed a red draconian
     4 | D:1      | Noticed a tentacled monstrosity
     4 | D:1      | Noticed an iron dragon
     6 | D:1      | Noticed a red draconian
     7 | D:1      | Noticed a yellow draconian
     8 | D:1      | Noticed a shadow dragon
    11 | D:1      | Noticed an iron dragon
    13 | D:1      | Noticed a large abomination
    15 | D:1      | Noticed a black draconian
    15 | D:1      | Noticed a shadow dragon
    17 | D:1      | Noticed a tentacled monstrosity
    17 | D:1      | Noticed an orb of fire
    17 | D:1      | Noticed an orb of fire
    19 | D:1      | Noticed a large abomination
   160 | D:1      | Gained mutation: A meltable shield of frost defends you.
                  | (SH +4) [demonic ancestry]
   160 | D:1      | Reached XP level 2. HP: 20/24 MP: 2/2
   198 | D:1      | Found Yghiwk's Vocational Training.
   281 | D:1      | Found Idwelloh's Antique Weapon Shop.
   484 | D:1      | Discovered your monstrous ancestry.
   484 | D:1      | Gained mutation: You have a pair of small horns on your
                  | head. [demonic ancestry]
   484 | D:1      | Reached XP level 3. HP: 29/29 MP: 3/3
  1061 | D:2      | Noticed a scorpion
  1081 | D:2      | HP: 1/43 [scorpion (5)]
  1082 | D:2      | Succumbed to a scorpion's poison

Illustrated notes

Levels and vault maps discovered:
D:1:      shiori_arrival_whats_in_store_for_you, layout_basic, serial_shops,
          shop, nicolae_shop_vocational
D:2:      minmay_skewed_foursquare, layout_basic, serial_shops, shop,
          corexii_leaking_fountain, nicolae_elevator_lobby_plus

Skill      XL: |  1  2 |
---------------+-------+-----
Polearms       | 2 |  2.3
Armour         | 3 |  3.2
Shields        | 3 |  3.1
Fighting       | |  3.4

Action                     || total
---------------------------++-------
  Melee: Trident           ||   132
         Headbutt          ||    14
    Use: Potion            ||     1
 Armour: Scale mail        ||    36
  Dodge: Dodged            ||    28
  Block: Buckler           ||    40

Table legend: (Time is in decaauts)
 A = Elapsed time spent in this place.
 B = Non-inter-level travel time spent in this place.
 C = Inter-level travel time spent in this place.
 D = Time resting spent in this place.
 E = Time spent auto-exploring this place.
 F = Levels seen in this place.
 G = Mean time per level.
                   A        B        C        D        E       F      G
               +--------+--------+--------+--------+--------+-----+--------+
         Total |   1113 |   1099 |     14 |      0 |    836 |   2 |  556.5 |
       Dungeon |   1113 |   1099 |     14 |      0 |    836 |   2 |  556.5 |
               +--------+--------+--------+--------+--------+-----+--------+

Top non-repeatable levels by time:
     D:1: 883 daAuts
     D:2: 230 daAuts
